 Dungeon Crawl Stone Soup version 0.28.0-53-g5a82cb258f (webtiles) character file.

Game seed: 10285600251985912563

3367 Zeldest the Skirmisher (level 10, -7/75 HPs)
             Began as a Djinni Warper on Aug 20, 2022.
             Was a Follower of Makhleb.
             Mangled by an orc knight
             ... wielding a +0 glaive
              (18 damage)
             ... in a bailey.
             The game lasted 00:29:54 (8834 turns).

Zeldest the Skirmisher (Djinni Warper)              Turns: 8834, Time: 00:29:55

Health: -7/75      AC:  6    Str: 10    XL:     10   Next: 23%
Gold:   424        EV: 13    Int: 19    God:    Makhleb [*.....] SH:  0 Dex: 13

rFire   + + +      SeeInvis +   b - +11 dagger "Quwkeonu" {drain, SInv}
rCold   x . .      Faith    .   (no shield)
rNeg    . . .      Spirit   .   a - +2 robe {rF+}
rPois   ∞          Reflect  .   k - +0 helmet
rElec   .          Harm     .   (no cloak)
rCorr   +          Rampage  .   t - +0 pair of gloves {hurl}
Will    +....                   (boots unavailable)
Stlth   +.........              (no amulet)
HPRegen 0.22/turn               g - ring of resist corrosion
MPRegen 0.00/turn               (no ring)

@: mighty, flying
A: sickness immunity, fire resistance 2, cold vulnerability 1, float, innate
caster, HP casting, extra vitality 1
a: Renounce Religion


You were in a bailey.
You worshipped Makhleb.
Makhleb was aware of your devotion.
You visited 2 branches of the dungeon, and saw 8 of its levels.
You also visited: Bailey.

You collected 424 gold pieces.

Inventory:

Hand Weapons
 b - the +11 dagger "Quwkeonu" (weapon) {drain, SInv}
   (You found it on level 3 of the Dungeon)

   A truly terrible weapon, it drains the life of any living foe it strikes.
   SInv:      It lets you see invisible.
 d - a +2 short sword of venom
Missiles
 e - 7 poisoned darts (quivered)
Armour
 a - a +2 robe of fire resistance (worn)
 k - a +0 helmet (worn)
 r - the -1 hat of Parts Unknown {+Blink Fly rF+ rCorr}
   (You found it on level 6 of the Dungeon)

   rF:        It protects you from fire.
   Fly:       It grants you flight.
   +Blink:    It lets you blink.
   rCorr:     It protects you from acid and corrosion.
 t - a +0 pair of gloves of hurling (worn)
Jewellery
 g - a ring of resist corrosion (left hand)
 m - a ring of protection from fire
Wands
 s - a wand of flame (25)
Scrolls
 i - 2 scrolls of holy word
 o - a scroll of vulnerability
 u - a scroll of noise {unknown}
Potions
 c - a potion of cancellation
 f - a potion of curing
 h - a potion of brilliance
 n - 3 potions of might
 p - a potion of invisibility {unknown}
 q - a potion of haste {unknown}


   Skills:
 + Level 7.3 Fighting
 + Level 5.7 Short Blades
 - Level 1.7 Maces & Flails
 + Level 4.0 Throwing
 - Level 1.0 Armour
 - Level 3.2 Dodging
 + Level 6.5 Spellcasting
 + Level 2.7 Invocations


You couldn't memorise any spells.
You knew the following spells:

 Your Spells              Type           Power      Damage    Failure   Level
a - Blink                 Tloc           60%        N/A       1%          2
b - Lesser Beckoning      Tloc           30%        N/A       2%          3
c - Gell's Gravitas       Tloc           30%        N/A       2%          3
d - Teleport Other        Tloc           30%        N/A       2%          3
e - Manifold Assault      Tloc           30%        N/A       21%         5
f - Sting                 Tmut/Pois      100%       1d8       1%          1
g - Passwall              Tmut/Erth      25%        N/A       1%          2
h - Frozen Ramparts       Ice            60%        1d8       2%          3
i - Stone Arrow           Conj/Erth      60%        3d10      2%          3
Your spell library was empty.

Dungeon Overview and Level Annotations

Branches:
Dungeon (7/15)             Temple (1/1) D:7          Bailey (1/1)

Altars:
Ashenzari
Cheibriados
Elyvilon
Gozag
Makhleb
Nemelex Xobeh
Okawaru
Sif Muna
Uskayaw
Wu Jian
Yredelemnul
Zin
The Shining One


Innate Abilities, Weirdness & Mutations

You are immune to sickness and miasma.
You are immune to poison.
Your flesh is very heat resistant. (rF++)
You are vulnerable to cold. (rC-)
You float through the air rather than walking.
You learn spells naturally, not from books.
Your magical power is your life essence.
You have superior vitality. (+4 MHP)


Message History

You blink.
* * * LOW HITPOINT WARNING * * *
The orc knight seems less drained.
Okay, then.
You feel much better.
The orc knight hits you from afar with a +0 glaive!!
You feel stable enough to blink again. The orc knight closely misses you.
Okay, then.
Okay, then.
Press: ? - help, v - describe, . - travel
Here: an orc knight, wielding a +0 glaive and wearing a +0 plate armour (severely wounded, very poisoned)
The floor.
Unknown command.
Things that are here:
a +0 war axe; a +0 hand axe You see here a +0 spear.
Casting: Blink (safe; 1% risk of failure)
Confirm with . or Enter, or press ? or * to list all spells.
Okay, then.
Casting: Blink (safe; 1% risk of failure)
Confirm with . or Enter, or press ? or * to list all spells.
You blink.
The orc knight hits you from afar with a +0 glaive!!
* * * LOW HITPOINT WARNING * * *
Okay, then.
You feel much better.
The orc knight hits you from afar with a +0 glaive.
Okay, then.
You feel stable enough to blink again. The orc knight barely misses you.
You see here a +0 halberd.
You puncture the orc knight!
The orc knight is almost dead.
The orc knight hits you with a +0 glaive!
* * * LOW HITPOINT WARNING * * *
You hit the orc knight.
The orc knight is almost dead.
The orc knight hits you with a +0 glaive!!
You die...

############ ###
##.∩........## ##..
#....@o#.....######...
#....)###)...#....#..#
#∩.....8.....)..)()))8
#....)###))..#....#..#
#....).#.....######...
##.∩........## ##..
############ ###


You could see an orc knight (poisoned).

Vanquished Creatures
  Pikel (D:7)
  Grinder (D:4)
  A steam dragon (Bailey)
  A water moccasin (D:5)
  4 orc warriors (Bailey)
  3 black bears
  A hornet zombie (D:5)
  2 sky beasts
  A necrophage (D:6)
  A centaur (D:6)
  An ogre (D:5)
  2 lemures (D:7)
  A phantom (D:4)
  A kobold brigand (D:5)
  Blork the orc (D:4)
  3 bullfrogs
  4 scorpions
  A howler monkey (D:7)
  A jelly (D:4)
  A bullfrog zombie (D:4)
  A centaur zombie (D:5)
  A centaur skeleton (D:5)
  Jessica (D:3)
  2 iguanas
  A scorpion zombie (D:5)
  Natasha (twice) (D:4)
  5 orc wizards
  2 hound zombies
  Robin (D:1)
  6 adders
  An ufetubus (D:5)
  2 adder skeletons (D:4)
  5 dart slugs
  37 orcs
  5 ball pythons
  7 endoplasms
  3 giant cockroaches
  23 goblins
  14 hobgoblins
  3 jackals (D:3)
  2 quokkas
  7 bats
  3 frilled lizards
  12 kobolds
  3 rats
181 creatures vanquished.

Vanquished Creatures (others)
  2 orcs (Bailey)
2 creatures vanquished.

Grand Total: 183 creatures vanquished

Notes
Turn   | Place    | Note
-------+----------+-------------------------------------------
     0 | D:1      | Zeldest the Djinni Warper began the quest for the Orb.
     0 | D:1      | Reached XP level 1. HP: 18/18 MP: 0/0
    87 | D:1      | Reached XP level 2. HP: 23/23 MP: 0/0
   853 | D:1      | Reached XP level 3. HP: 26/29 MP: 0/0
   853 | D:1      | Learned a level 1 spell: Sting
   854 | D:1      | Reached skill level 1 in Throwing
  1531 | D:1      | Found a faded altar of an unknown god.
  2334 | D:2      | Noticed Robin
  2346 | D:2      | Reached XP level 4. HP: 28/34 MP: 0/0
  2349 | D:1      | Killed Robin
  3197 | D:3      | Noticed a sky beast
  3355 | D:2      | Reached XP level 5. HP: 37/40 MP: 0/0
  3355 | D:2      | Learned a level 2 spell: Passwall
  3476 | D:3      | Reached skill level 3 in Fighting
  3840 | D:3      | Noticed Jessica
  3852 | D:3      | Killed Jessica
  4106 | D:3      | Killed a sky beast
  4107 | D:3      | Reached XP level 6. HP: 25/46 MP: 0/0
  4741 | D:3      | Identified the +11 dagger "Quwkeonu" {drain, SInv}
  4855 | D:3      | Found a snail-covered altar of Cheibriados.
  4855 | D:3      | Found an opulent altar of Gozag.
  4855 | D:3      | Found a glowing silver altar of Zin.
  5176 | D:4      | Reached skill level 1 in Short Blades
  5176 | D:4      | Reached XP level 7. HP: 38/51 MP: 0/0
  5176 | D:4      | Learned a level 3 spell: Frozen Ramparts
  5268 | D:4      | Reached skill level 4 in Fighting
  5636 | D:4      | Noticed Grinder
  5648 | D:4      | Killed Grinder
  5757 | D:4      | Reached XP level 8. HP: 58/58 MP: 0/0
  5995 | D:4      | Found an ornate altar of the Wu Jian Council.
  5996 | D:4      | Noticed Natasha
  6000 | D:4      | Killed Natasha
  6027 | D:4      | Noticed Blork the orc
  6044 | D:4      | Killed Blork the orc
  6093 | D:4      | Noticed Natasha
  6103 | D:4      | Killed Natasha
  6273 | D:5      | Entered Level 5 of the Dungeon
  6297 | D:5      | Reached skill level 5 in Fighting
  6297 | D:5      | Reached skill level 5 in Spellcasting
  6740 | D:5      | Found a broken altar of Ashenzari.
  6762 | D:5      | Reached XP level 9. HP: 62/66 MP: 0/0
  6762 | D:5      | Learned a level 3 spell: Stone Arrow
  7063 | D:5      | Reached skill level 6 in Fighting
  7409 | D:6      | Identified the -1 hat of Parts Unknown {+Blink Fly rF+
                  | rCorr}
  7557 | D:6      | Found an iron altar of Okawaru.
  7557 | D:6      | Found a burning altar of Makhleb.
  7557 | D:6      | Found a hide-covered altar of Uskayaw.
  7568 | D:6      | Became a worshipper of Makhleb the Destroyer
  7686 | D:6      | Reached skill level 5 in Short Blades
  7894 | D:7      | Found a glowing golden altar of the Shining One.
  7905 | D:7      | Found a staircase to the Ecumenical Temple.
  7913 | Temple   | Entered the Ecumenical Temple
  7971 | D:7      | Found a white marble altar of Elyvilon.
  8056 | D:7      | Noticed Pikel
  8129 | D:7      | Killed Pikel
  8130 | D:7      | Reached skill level 7 in Fighting
  8130 | D:7      | Reached skill level 1 in Invocations
  8130 | D:7      | Reached XP level 10. HP: 52/75 MP: 0/0
  8172 | D:7      | Found a flagged portal.
  8327 | Bailey   | Entered a bailey
  8441 | Bailey   | Reached * piety under Makhleb
  8759 | Bailey   | Noticed an orc knight
  8834 | Bailey   | Mangled by an orc knight

Illustrated notes

Levels and vault maps discovered:
D:1:      ncdulo_lavacross, layout_basic, shapermc_ecumenical_altar_notcrosses,
          serial_aquarium, aquarium_bridge_long_joined [aquarium_subvault_wall,
          aquarium_subvault_wall, aquarium_subvault_bridge,
          aquarium_subvault_wall, aquarium_subvault_wall,
          aquarium_subvault_bridge], aquarium_window_fake,
          aquarium_window_corridor_3, aquarium_window_1, aquarium_view_2g,
          aquarium_pool_side, fountainhead, kennysheep_doodads
D:2:      layout_rooms, basic_altar, uniq_robin
D:3:      layout_basic, gammafunk_temple_overflow_forgotten, serial_aquarium,
          aquarium_bridge_square [aquarium_subvault_bridge,
          aquarium_subvault_balcony, aquarium_subvault_wall,
          aquarium_subvault_bridge], aquarium_window_1, aquarium_window_2,
          aquarium_window_1, aquarium_window_2, aquarium_view_2a,
          aquarium_view_2d, aquarium_balcony_1b, aquarium_pool_corner,
          chequers_decorated_corner, minmay_misc_feat_doors, uniq_jessica
D:4:      layout_basic, lemuel_round_altar, roderic_lattice_a,
          chequers_mini_garden, uniq_blork_the_orc, uniq_natasha, uniq_grinder
D:5:      layout_rooms, evilmike_ruin_ashenzari, minmay_misc_feat_room,
          kennysheep_generic_room_7
D:6:      layout_loops_ring, gammafunk_temple_overflow_claw
D:7:      layout_layer_cave, lemuel_crystal_altar,
          nicolae_overflow_hidden_temple, minmay_temple_entry_drinking_statues,
          enter_bailey_3, uniq_pikel
Temple:   dpeg_chambers_temple
Bailey:   bailey_polearm_5, bailey

Skill      XL: |  1  2  3  4  5  6  7  8  9 10 |
---------------+-------------------------------+-----
Throwing       | 1 2 3 4 |  4.0
Dodging        | 3 |  3.2
Spellcasting   | 3 4 5 6 |  6.5
Fighting       | 3 4 5 7 |  7.3
Short Blades   | 1 3 5 |  5.7
Invocations    | 1 2 |  2.7
Maces & Flails | |  1.7
Armour         | |  1.0

Action                   |  1- 3 |  4- 6 |  7- 9 | 10-12 || total
-------------------------+-------+-------+-------+-------++-------
Melee: Mace              |    51 |    53 |       |       ||   104
       Punch             |       |     3 |       |     1 ||     4
       Short sword       |       |    62 |       |       ||    62
       Dagger            |       |    22 |   130 |    43 ||   195
Throw: Boomerang         |     5 |       |       |       ||     5
       Dart              |       |       |       |     2 ||     2
 Cast: Sting             |    43 |    33 |    17 |     3 ||    96
       Gell's Gravitas   |     3 |     2 |     1 |       ||     6
       Blink             |       |     2 |       |     4 ||     6
       Frozen Ramparts   |       |       |    30 |     7 ||    37
       Stone Arrow       |       |       |     7 |     1 ||     8
       Manifold Assault  |       |       |       |    11 ||    11
Evoke: Wand              |       |       |       |     5 ||     5
  Use: Scroll            |       |     4 |     4 |     3 ||    11
       Potion            |       |       |       |     8 ||     8
 Stab: Sleeping          |       |       |     3 |       ||     3
Armor: Leather armour    |    27 |    34 |       |       ||    61
       Robe              |       |    11 |    22 |     3 ||    36
Dodge: Dodged            |    54 |    96 |    73 |    20 ||   243
